 Dungeon Crawl Stone Soup version 0.27-a0-1177-g245c70e1c0 (webtiles) character file.

Game seed: 11498507933498557175

435 mg7810 the Chopper (level 6, -10/56 HPs)
             Began as a Deep Dwarf Fighter on May 16, 2021.
             Was a Believer of Jiyva.
             Mangled by an ogre
             ... wielding a +0 giant club
              (25 damage)
             ... on level 5 of the Dungeon.
             The game lasted 00:07:21 (2773 turns).

mg7810 the Chopper (Deep Dwarf Fighter)             Turns: 2773, Time: 00:07:22

Health: -10/56     AC:  7    Str: 21    XL:     6   Next: 68%
Magic:  4/6        EV:  7    Int:  9    God:    Jiyva [**....]
Gold:   50         SH: 10    Dex: 12    Spells: 5/5 levels left

rFire    . . .     SeeInvis .   m - +8 hand axe of Annihilation {flame, rC+ Will+}
rCold    + . .     Faith    .   c - +0 kite shield
rNeg     . . .     Spirit   .   b - +0 scale mail
rPois    .         Reflect  .   (no helmet)
rElec    .         Harm     .   (no cloak)
rCorr    .         Rampage  .   (no gloves)
Will     +....                  (no boots)
Stlth    ..........             (no amulet)
HPRegen  0.00/turn              (no ring)
MPRegen  0.10/turn              (no ring)

@: studying Slings
A: damage resistance, heal wounds, sense surroundings 1, no regeneration
a: Heal Wounds, Renounce Religion, Request Jelly


You were on level 5 of the Dungeon.
You worshipped Jiyva.
Jiyva was pleased with you.
You visited 1 branch of the dungeon, and saw 5 of its levels.

You collected 50 gold pieces.

Inventory:

Hand Weapons
 a - a +0 war axe
 m - the +8 hand axe of Annihilation (weapon) {flame, rC+ Will+}
   (You found it on level 4 of the Dungeon)

   It has been specially enchanted to burn those struck by it, causing extra
   injury to most foes and up to half again as much damage against particularly
   susceptible opponents.
   Big, fiery blades are also staple armaments of hydra-hunters.
   It protects you from cold.
   It increases your willpower.
 n - a +3 hand axe
Armour
 b - a +0 scale mail (worn)
 c - a +0 kite shield (worn)
Jewellery
 f - a +6 ring of intelligence
 k - a ring of resist corrosion
 o - a ring of poison resistance
Wands
 g - a wand of digging (3)
 p - a wand of flame (14)
Scrolls
 e - a scroll of enchant armour {unknown}
 q - a scroll of amnesia {unknown}
Potions
 d - 2 potions of might
 h - a potion of magic {unknown}
 i - a potion of attraction {unknown}
 j - a potion of heal wounds {unknown}
 l - a potion of flight {unknown}


   Skills:
 + Level 3.5 Fighting
 + Level 5.4 Axes
 + Level 4.8 Armour
 + Level 4.8 Shields


You had 5 spell levels left.
You didn't know any spells.
Your spell library was empty.

Dungeon Overview and Level Annotations

Branches:
Dungeon (5/15)
 Temple: D:4-7

Altars:
Jiyva


Innate Abilities, Weirdness & Mutations

You are resistant to damage.
You can heal yourself by infusing magical energy.
You passively map a small area around you.
You do not regenerate.


Message History

You feel a bit more experienced.
You slash the orc! You burn the orc.
You kill the orc!
You barely miss the orc. You block the orc's attack. x2
You slash the orc! You burn the orc.
You kill the orc!
Items here: )))) [ ††††.
A hound zombie comes into view.
There is a stone staircase leading up here.
o - a ring of poison resistance
There is a stone staircase leading up here.
You see here a staff of cold.
You see here a staff of cold.
Found a stone staircase leading down.
An adder comes into view.
The adder hisses angrily.
An adder is nearby!
You block the adder's attack.
There is a stone staircase leading down here.
You slash the adder! You burn the adder.
You kill the adder!
A hound zombie is nearby!
You slash the hound zombie! You burn the hound zombie.
The hound zombie is severely damaged.
The hound zombie barely misses you. You block the hound zombie's attack.
You hit the hound zombie. You burn the hound zombie.
You destroy the hound zombie!
Found a scroll of noise.
An ogre comes into view. It is wielding a +0 giant club.
The ogre shouts!
Found 8 stones and a lumpy sapphire potion.
An ogre is nearby!
You see here a wand of flame (14).
p - a wand of flame (14)
The ogre hits you with a +0 giant club!!
* * * LOW HITPOINT WARNING * * *
You see here a scroll labelled YCUGRO GOQU.
q - a scroll labelled YCUGRO GOQU The ogre hits you with a +0 giant club!!
You die...

##..##..##.......#
###....####......# #
##..## ##......# ## #..#
*#.......#
.###..###........#
..........#......#######
..........#......J(....#
.###..###....##........#
## #..# #... #.@O....!#
#..# ##.* #........#
....* #, #......?.#
.##.. * #$.......# , .
... , #........# , * *
#........# , #........#
########## * *


You could see an ogre and a neutral jelly (wandering) (fellow slime).

Vanquished Creatures
  2 centaurs (D:4)
  A necrophage (D:4)
  Jessica (D:2)
  An orc wizard (D:5)
  A hound zombie (D:5)
  A gnoll (D:1)
  5 adders
  An ufetubus (D:2)
  A worm (D:2)
  2 dart slugs
  3 orcs (D:5)
  6 ball pythons
  2 endoplasms (D:1)
  4 giant cockroaches
  6 hobgoblins
  7 jackals (D:1)
  2 quokkas (D:3)
  2 bats
  A frilled lizard (D:2)
  5 goblins
  5 kobolds
  2 rats
61 creatures vanquished.

Vanquished Creatures (others)
  A dart slug (D:3)
  An endoplasm (D:4)
  A goblin (D:2)
  A hobgoblin (D:2)
  5 ball pythons
  A frilled lizard (D:3)
  15 plants (D:3)
  4 toadstools (D:1)
29 creatures vanquished.

Grand Total: 90 creatures vanquished

Notes
Turn   | Place    | Note
-------+----------+-------------------------------------------
     0 | D:1      | mg7810 the Deep Dwarf Fighter began the quest for the Orb.
     0 | D:1      | Reached XP level 1. HP: 20/20 MP: 1/1
    70 | D:1      | Reached XP level 2. HP: 25/27 MP: 2/2
   474 | D:1      | Found a faded altar of an unknown god.
   665 | D:1      | Reached XP level 3. HP: 17/34 MP: 3/3
   739 | D:1      | Became a worshipper of Jiyva Jesaquk the Shapeless
   739 | D:1      | Reached * piety under Jiyva
   776 | D:2      | Reached skill level 3 in Axes
  1083 | D:2      | Reached XP level 4. HP: 21/42 MP: 4/4
  1134 | D:2      | Noticed Jessica
  1140 | D:2      | Killed Jessica
  1834 | D:3      | Reached ** piety under Jiyva
  2192 | D:4      | Noticed a necrophage
  2201 | D:4      | Killed a necrophage
  2202 | D:4      | Reached skill level 4 in Axes
  2202 | D:4      | Reached XP level 5. HP: 24/49 MP: 5/5
  2331 | D:4      | Noticed a centaur
  2332 | D:4      | Noticed a centaur
  2345 | D:4      | Killed a centaur
  2346 | D:4      | Reached XP level 6. HP: 33/56 MP: 6/6
  2347 | D:4      | Reached skill level 5 in Axes
  2609 | D:4      | Identified the +8 hand axe of Annihilation {flame, rC+
                  | Will+}
  2693 | D:5      | Entered Level 5 of the Dungeon
  2773 | D:5      | Mangled by an ogre

Illustrated notes

Levels and vault maps discovered:
D:1:      ldierk_walled_garden_2, layout_basic, chequers_ecumenical_altar_simple
D:2:      layout_basic, kennysheep_donut, grunt_decor_fettered, uniq_jessica
D:3:      layout_basic, serial_bayou, serial_bayou_pond_c, serial_bayou_pond_a,
          serial_bayou_pond_c, serial_bayou_pond_d, kennysheep_generic_room_7
D:4:      layout_basic, minmay_manual_mares
D:5:      layout_basic, palyth_stone_intersect, uniq_prince_ribbit1

Skill      XL: |  1  2  3  4  5  6 |
---------------+-------------------+-----
Fighting       | 3 |  3.5
Axes           | 3 4 5 |  5.4
Armour         | 4 |  4.8
Shields        | 4 |  4.8

Action                   |  1- 3 |  4- 6 || total
-------------------------+-------+-------++-------
Melee: War axe           |    92 |    51 ||   143
       Hand axe          |       |    12 ||    12
Invok: Request Jelly     |       |     1 ||     1
 Abil: Heal Wounds       |     1 |     1 ||     2
  Use: Scroll            |       |     3 ||     3
Armor: Scale mail        |    43 |    67 ||   110
Dodge: Dodged            |    49 |    22 ||    71
Block: Kite shield       |    60 |    59 ||   119

Table legend: (Time is in decaauts)
 A = Elapsed time spent in this place.
 B = Non-inter-level travel time spent in this place.
 C = Inter-level travel time spent in this place.
 D = Time resting spent in this place.
 E = Time spent auto-exploring this place.
 F = Levels seen in this place.
 G = Mean time per level.
                   A        B        C        D        E       F      G
               +--------+--------+--------+--------+--------+-----+--------+
         Total |   2874 |   2741 |    133 |      0 |   2172 |   5 |  574.8 |
       Dungeon |   2874 |   2741 |    133 |      0 |   2172 |   5 |  574.8 |
               +--------+--------+--------+--------+--------+-----+--------+

Top non-repeatable levels by time:
     D:2: 988 daAuts
     D:1: 801 daAuts
     D:4: 540 daAuts
     D:3: 462 daAuts
     D:5: 82 daAuts
